Map: Dusk Towers

Players

Fmtc

  • Race: Zerg Zerg
  • League: Master

Miszu - Winner!

  • Race: Terran Terran
  • League: Grandmaster

VOD

Have the link to the VOD?

Description

Time

  • Played on: Feb. 19, 2016, 12:21 p.m.
  • Length: 9:51
Show
View Real Time Build Order
Export as new Build Order

Fmtc Zerg 

Build Orders: Hatch First, Muta Ling Bane 

Get SALT Encoding   

  12  0:01  Drone  
  13  0:12  Overlord  
  13  0:17  Drone  
  14  0:30  Drone x2  
  14  0:35  Drone  
  17  0:52  Hatchery  
  17  0:54  Drone  
  17  0:59  Drone  
  18  1:11  Extractor  
  18  1:13  Spawning Pool  
  18  1:17  Drone  
  17  1:20  Drone  
  18  1:27  Drone  
  19  1:41  Overlord  
  19  2:00  Queen  
  22  2:01  Zergling x4  
  22  2:04  Queen  
  22  2:05  Zergling x2  
  26  2:11  Metabolic Boost  
  26  2:14  Drone  
  27  2:17  Drone  
  27  2:21  Drone  
  29  2:31  Drone  
  29  2:35  Overlord  
  30  2:39  Overlord  
  30  2:42  Queen  
  30  2:44  Queen  
  32  2:46  Drone  
  32  2:50  Drone  
  36  2:54  Drone  
  36  2:57  Drone  
  39  3:05  Drone  
  39  3:11  Drone x4  
  44  3:20  Drone  
  44  3:22  Roach Warren  
  43  3:33  Drone x3, Hatchery  
  45  3:48  Overlord x2  
  45  3:50  Drone  
  46  3:56  Overlord x2  
  46  4:06  Drone  
  46  4:07  Extractor, Drone x3  
  49  4:11  Roach x2  
  53  4:18  Spore Crawler  
  53  4:19  Roach  
  53  4:20  Spore Crawler  
  53  4:22  Overlord  
  53  4:25  Roach x3  
  53  4:26  Roach  
  53  4:30  Roach  
  53  4:31  Roach  
  65  4:40  Drone x2  
  67  4:46  Drone x3  
  67  4:50  Queen  
  67  4:52  Lair  
  72  4:53  Drone  
  73  5:01  Drone x3  
  73  5:02  Drone x3  
  78  5:08  Drone x3  
  81  5:17  Drone x3  
  84  5:22  Extractor  
  84  5:23  Extractor  
  84  5:25  Extractor, Drone x2  
  83  5:29  Drone x6  
  83  5:34  Overlord  
  89  5:37  Drone x2  
  91  5:46  Extractor  
  89  5:52  Drone x4  
  89  5:56  Spire  
  90  6:04  Drone  
  90  6:05  Ravager  
  90  6:06  Ravager x2  
  92  6:18  Drone x2  
  93  6:19  Drone x5  
  94  6:39  Ravager  
  94  6:40  Ravager  
  94  6:46  Drone x3  
  97  6:51  Drone x2  
  97  6:52  Drone  
  97  6:53  Glial Reconstitution  
  100  6:59  Baneling Nest, Evolution Chamber  
  100  7:00  Evolution Chamber  
  97  7:08  Mutalisk x4  
  103  7:20  Mutalisk x2  
  103  7:21  Mutalisk x2  
  104  7:27  Overlord x5  
  104  7:35  Hatchery  
  103  7:43  Zergling x2  
  105  7:44  Zergling x2  
  105  7:45  Zergling x14  
  112  8:04  Drone x3  
  112  8:05  Drone  
  116  8:08  Roach  
  116  8:09  Roach  
  120  8:13  Centrifical Hooks  
  120  8:18  Hatchery  
  119  8:23  Queen  
  121  8:28  Zergling x8  
  121  8:29  Zergling x14  
  132  8:35  Pneumatized Carapace  
  132  8:40  Baneling x2  
  132  8:41  Baneling x12  
  128  8:51  Zergling x18  
  128  8:54  Baneling x6  
  137  8:58  Zergling x2  
  137  8:59  Zergling x6  
  131  9:05  Zergling x2  
  131  9:06  Zergling x2  
  124  9:13  Zergling x12  
  122  9:29  Zergling x2  
  122  9:30  Zergling x8  
Show
View Real Time Build Order
Export as new Build Order

Miszu Terran - Winner!

Build Orders: Liberator Opening 

Get SALT Encoding   

  12  0:01  SCV  
  13  0:13  SCV  
  14  0:18  Supply Depot  
  14  0:25  SCV  
  15  0:39  SCV  
  15  0:40  Refinery  
  16  0:52  SCV  
  16  0:53  Barracks  
  17  1:04  SCV  
  18  1:16  SCV  
  19  1:28  SCV  
  20  1:40  Orbital Command  
  20  1:47  Barracks Reactor  
  20  1:49  Command Center  
  20  1:58  Supply Depot  
  20  2:05  SCV  
  21  2:11  Refinery  
  21  2:12  Factory  
  21  2:17  SCV  
  21  2:22  Marine x2  
  25  2:30  SCV  
  25  2:40  Marine x2  
  25  2:42  SCV  
  28  2:54  SCV  
  28  2:56  Starport  
  29  3:01  Factory Tech Lab  
  29  3:02  Marine x2  
  29  3:04  Orbital Command  
  31  3:06  SCV  
  32  3:18  SCV  
  33  3:20  Marine x2  
  35  3:30  SCV x2, Liberator  
  37  3:36  Fusion Core  
  37  3:41  Marine x2  
  39  3:42  SCV x2  
  39  3:43  Factory Tech Lab  
  39  3:45  Supply Depot  
  44  3:54  SCV x2  
  46  4:00  Supply Depot  
  46  4:07  SCV x2  
  48  4:13  Supply Depot  
  48  4:15  Marine  
  48  4:16  Marine  
  50  4:19  SCV x2  
  50  4:23  Advanced Ballistics  
  53  4:31  SCV x2  
  53  4:32  Liberator  
  53  4:35  Supply Depot  
  54  4:43  SCV x2  
  54  4:44  Command Center  
  56  4:47  Refinery  
  56  4:48  Refinery  
  59  4:55  SCV x2  
  59  4:58  Supply Depot  
  61  5:07  SCV x2  
  61  5:11  Marine x2  
  65  5:17  Barracks x2  
  65  5:18  Liberator  
  65  5:19  Engineering Bay x2, SCV x2  
  67  5:29  Marine x2  
  67  5:30  Barracks  
  67  5:31  SCV  
  67  5:32  Barracks  
  73  5:37  SCV  
  73  5:42  Supply Depot  
  74  5:44  SCV  
  74  5:49  SCV  
  76  5:56  SCV  
  77  6:01  Terran Infantry Weapons Level 1, Terran Infantry Armor Level 1, SCV  
  77  6:02  Marine  
  80  6:04  Orbital Command  
  80  6:05  Barracks Tech Lab  
  80  6:06  Barracks Tech Lab  
  80  6:09  SCV  
  80  6:13  SCV  
  81  6:18  Marine  
  81  6:20  Barracks Tech Lab x2  
  81  6:21  SCV  
  81  6:23  Marine, Siege Tank  
  87  6:28  Supply Depot  
  87  6:29  Starport Reactor, Supply Depot  
  87  6:34  SCV  
  87  6:36  Marine  
  87  6:37  Marine  
  87  6:41  Marine  
  88  6:47  Marine  
  88  6:49  Marine x2, Combat Shields  
  91  6:54  Marine  
  91  6:55  Marine, Siege Tank, SCV x2, Orbital Command  
  91  6:59  Marine  
  99  7:03  Supply Depot  
  99  7:05  Marine  
  99  7:07  Marine x2  
  102  7:10  Medivac x2  
  106  7:19  Marine x2  
  106  7:24  SCV x2  
  106  7:27  Siege Tank  
  106  7:29  Refinery x2  
  110  7:30  Marine  
  110  7:31  Concussive Shells  
  110  7:34  Marauder x2  
  115  7:40  Missile Turret  
  112  7:44  Missile Turret  
  112  7:45  Missile Turret  
  112  7:49  Marine, Marauder x2  
  117  7:53  Medivac x2  
  117  7:54  Marine  
  117  7:55  Marauder x2  
  126  7:59  Siege Tank  
  126  8:01  Armory  
  129  8:06  Supply Depot x2  
  129  8:07  Marine  
  129  8:09  Supply Depot  
  129  8:10  Marine, Marauder  
  133  8:27  Marine x3, Medivac x2, Marauder  
  133  8:28  Marauder  
  133  8:30  Supply Depot  
  133  8:31  Marine  
  133  8:33  Supply Depot  
  145  8:34  Supply Depot  
  145  8:37  Supply Depot  
  145  8:45  Marine x3  
  147  8:49  Marine, Marauder x2  
  152  8:57  Medivac x2  
  144  9:02  Marine x2  
  144  9:03  Marine  
  144  9:07  Marine  
  140  9:10  Marine x2  
  140  9:20  Marine x2  
  140  9:21  Marine  
  141  9:25  Marine  
  141  9:27  Marine  
  141  9:28  Marine  
Tags
 
Add a new tag
Caveats
  • Supply blocks, unpowered buildings, or Contaminate may cause inaccurate times.
  • Supply counts are checked every 10 seconds.